 Dungeon Crawl Stone Soup version 0.21.1-1-g345015f (webtiles) character file.

151 Kairos the Shield-Bearer (level 5, -3/42 HPs)
             Began as a Formicid Fighter on Apr 14, 2018.
             Was an Initiate of Okawaru.
             Slain by a hornet (9 damage)
             ... on level 3 of the Dungeon.
             The game lasted 00:04:16 (2107 turns).

Kairos the Shield-Bearer (Formicid Fighter)         Turns: 2107, Time: 00:04:16

Health: -3/42      AC:  7    Str: 26    XL:     5   Next: 59%
Magic:  5/5        EV:  9    Int:  8    God:    Okawaru [......]
Gold:   252        SH: 10    Dex: 15    Spells: 4/4 levels left

rFire    . . .     SeeInvis +   a - +0 war axe
rCold    . . .     Gourm    .   c - +0 shield
rNeg     . . .     Faith    .   b - +0 scale mail
rPois    .         Spirit   .   (helmet unavailable)
rElec    .         Reflect  .   (no cloak)
rCorr    .         Harm     .   (no gloves)
MR       .....                  (no boots)
Stlth    ..........             (no amulet)
HPRegen  0.14/turn              j - +5 ring of dexterity
MPRegen  0.09/turn              (no ring)

@: mighty
A: permanent stasis, dig shafts and tunnels, four strong arms, antennae 3
a: Dig, Shaft Self, Renounce Religion


You were on level 3 of the Dungeon.
You worshipped Okawaru.
Okawaru was noncommittal.
You were very hungry.

You visited 1 branch of the dungeon, and saw 3 of its levels.

You collected 252 gold pieces.

Inventory:

Hand Weapons
 a - a +0 war axe (weapon)
Missiles
 g - 2 javelins of penetration (quivered)
Armour
 b - a +0 scale mail (worn)
 c - a +0 shield (worn)
Jewellery
 j - a +5 ring of dexterity (left hand)
Scrolls
 h - a scroll of enchant weapon {unknown}
 i - a scroll of magic mapping
 l - a scroll of amnesia {unknown}
 m - a scroll of teleportation {unknown}
 n - 3 scrolls of remove curse {unknown}
Potions
 d - a potion of might
 e - a potion of heal wounds {unknown}
Comestibles
 f - 10 rations


   Skills:
 + Level 4.1 Fighting
 + Level 3.3 Axes
 + Level 4.1 Armour
 + Level 0.7 Dodging
 + Level 0.5 Stealth
 + Level 4.5 Shields


You had 4 spell levels left.
You didn't know any spells.

Dungeon Overview and Level Annotations

Branches:
Dungeon (3/15)

Altars:
Gozag
Okawaru


Innate Abilities, Weirdness & Mutations

You cannot be hasted, slowed, berserked, paralysed or teleported.
You can dig through walls and to a lower floor.
Your four strong arms can wield two-handed weapons with a shield.
You have a pair of large antennae on your head. (SInv)


Message History

A hornet is nearby!
You hit the hornet.
The hornet is lightly wounded.
The hornet closely misses you. The hornet stings you.
Your stasis prevents you from being slowed.
You are too injured to fight recklessly!
You are too injured to fight recklessly!
Okay, then.
You feel very mighty all of a sudden. The hornet stings you.
* * * LOW HITPOINT WARNING * * *
Your stasis prevents you from being slowed.
The hornet stings you but does no damage.
You feel better. The hornet stings you!
* * * LOW HITPOINT WARNING * * *
Your stasis prevents you from being slowed.
Your scale mail prevents you from hitting the hornet.
The hornet is lightly wounded.
The hornet barely misses you. The hornet stings you!
You die...

# #.....#.#
####.#.#.....#
...#.#...#.###########
.#.#.....#...........#
.#.###...##########.##
.#.#.#.......... .#.#
.#.#.#..######## .#.#
.#.#....#########y#.#
..>[............@.#.#
.#<#......#########.#
'#.#.###..# #.#
..........#########.#
..##.#.#..#.....!...#
)....#.#..#.#########
...#......#.#
...#...#..#.#
...###....#.#


You could see a hornet.

Vanquished Creatures
  An iguana (D:2)
  3 gnolls (D:2)
  4 adders
  An ooze (D:3)
  A worm (D:3)
  A dart slug (D:1)
  A leopard gecko (D:1)
  10 bats
  5 giant cockroaches
  4 goblins
  6 hobgoblins
  3 jackals (D:2)
  2 frilled lizards (D:2)
  7 kobolds
  6 rats
55 creatures vanquished.

Notes
Turn   | Place    | Note
-------+----------+-------------------------------------------
     0 | D:1      | Kairos the Formicid Fighter began the quest for the Orb.
     0 | D:1      | Reached XP level 1. HP: 18/18 MP: 1/1
    71 | D:1      | Reached XP level 2. HP: 22/24 MP: 2/2
   359 | D:1      | Reached XP level 3. HP: 29/29 MP: 3/3
   752 | D:2      | Reached XP level 4. HP: 10/37 MP: 4/4
   932 | D:2      | Found an iron altar of Okawaru.
   976 | D:2      | Became a worshipper of Warmaster Okawaru
  1188 | D:2      | Reached XP level 5. HP: 35/42 MP: 5/5
  1847 | D:3      | Found an opulent altar of Gozag.
  2100 | D:3      | Noticed a hornet
  2107 | D:3      | Slain by a hornet

Skill      XL: |  1  2  3  4  5 |
---------------+----------------+-----
Shields        | 4 |  4.5
Armour         | 4 |  4.1
Axes           | 3 |  3.3
Fighting       | 4 |  4.1
Dodging        | |  0.7
Stealth        | |  0.5

Action                   |  1- 3 |  4- 6 || total
-------------------------+-------+-------++-------
Melee: War axe           |    75 |    81 ||   156
  Use: Scroll            |     1 |     3 ||     4
       Potion            |       |     2 ||     2
  Eat: Chunk             |       |     3 ||     3
Armor: Scale mail        |    35 |    38 ||    73
Dodge: Dodged            |    23 |    35 ||    58
Block: Shield            |    44 |    49 ||    93
